 Crawl Stoat Soup version 0.23-s2-267-g9ea3553 (webtiles) character file.

127 Caterwaul the Slasher (level 4, -6/29 HPs)
             Began as a High Elf Skald on Sept 15, 2023.
             Was an Initiate of the Shining One.
             Killed from afar by Sigmund (7 damage)
             ... with a magic dart
             ... on level 3 of the Dungeon.
             The game lasted 00:03:45 (2905 turns).

Caterwaul the Slasher (High Elf Skald)              Turns: 2905, Time: 00:03:46

Health: -6/29      AC: 11    Str: 11    XL:     4   Next: 85%
Magic:  8/14 (17)  EV: 12    Int: 16    God:    the Shining One [......]
Gold:   101        SH:  0    Dex: 15    Spells: 2/7 levels left

rFire    . . .     SeeInvis .   r - +0 rapier (protect)
rCold    + . .     Gourm    .   (no shield)
rNeg     . . .     Faith    .   b - +0 leather armour
rPois    .         Spirit   .   (no helmet)
rElec    .         Warding  .   t - +0 cloak
rCorr    .         Reflect  .   (no gloves)
MR       .....     Harm     .   (no boots)
Stlth    +.........             g - amulet of the acrobat
HPRegen  0.09/turn              o - ring of protection from cold
MPRegen  0.15/turn              s - ring of magical power

@: infusion suppressed, protection aura, very slightly contaminated, glowing,
unshrouded, 3 MP reserved for charms, 0.06 MP regen used to sustain charms
A: no striking features
a: Renounce Religion, End Permanent Enchantments


You were on level 3 of the Dungeon.
You worshipped the Shining One.
The Shining One was noncommittal.
You were not hungry.

You visited 1 branch of the dungeon, and saw 3 of its levels.

You collected 101 gold pieces.

Inventory:

Hand Weapons
 a - a +0 falchion
 r - a +0 rapier of protection (weapon)
Missiles
 i - 17 poisoned darts (quivered)
Armour
 b - a +0 leather armour (worn)
 t - a +0 cloak (worn)
Jewellery
 g - an amulet of the acrobat (around neck)
 h - an uncursed amulet of faith
 o - a ring of protection from cold (left hand)
 s - a ring of magical power (right hand)
Scrolls
 c - 2 scrolls of immolation {unknown}
 e - a scroll of noise {unknown}
 f - 5 scrolls of identify {unknown}
 k - a scroll of magic mapping {unknown}
 p - 2 scrolls of remove curse {unknown}
 v - a scroll of blinking {unknown}
Potions
 j - 4 potions of mutation {unknown}
 l - 3 potions of lignification {unknown}
 m - a potion of flight {unknown}
 n - a potion of brilliance {unknown}
Comestibles
 d - 2 bread rations
 q - a fruit
 u - 4 chunks of flesh


   Skills:
 - Level 2.0 Fighting
 + Level 6.2 Long Blades
 - Level 0.8 Armour
 - Level 2.1 Dodging
 - Level 2.4 Spellcasting
 - Level 3.6 Charms


You had 2 spell levels left.
You knew the following spells:

 Your Spells              Type           Power        Failure   Level  Hunger
a - Infusion              Chrm           13/25        6%          1    #......
b - Shroud of Golubria    Chrm/Tloc      7/50         19%         2    ###....
c - Song of Slaying       Chrm           13/100       9%          2    ###....

Your spell library contained the following spells:

 Spells                   Type           Power        Failure   Level  Hunger
 Spectral Weapon          Hex/Chrm       7/100        36%         3    ###....
 Regeneration             Chrm/Necr      7/200        77%         4    #####..


Dungeon Overview and Level Annotations

Branches:
Dungeon (3/15)

Altars:
Yredelemnul
The Shining One

Annotations:
D:3 Sigmund


Message History

You hit something.
Your weapon exudes an aura of protection.
You lose control of your magical infusion.
You are very lightly contaminated with residual magic.
Nothing appears to happen.
You hit something but do no damage.
Your shroud bends something's attack away.
You hit something. Something hits you!
* * * LOW HITPOINT WARNING * * *
Your shroud falls apart!
You completely miss something.
Your leather armour prevents you from hitting something.
You hear some strange, mumbled words.
A magic dart appears from out of thin air!
The magic dart hits you!
* * * LOW HITPOINT WARNING * * *
You hit something.
You hear some strange, mumbled words.
A magic dart appears from out of thin air!
The magic dart hits you!
You die...

#............##.##
#######........÷..####
.?..............)....#
......(.(.).......##.#
..........†.......# #
.........(........#
.................÷#
.......{†.........#
........@.........#
.......########.........
....... #......###
....... #.?....# #######
########


There were no monsters in sight!

Vanquished Creatures
  Terence (D:2)
  4 adders
  A worm (D:3)
  2 leopard geckos
  An orc (D:3)
  5 giant cockroaches
  3 goblins
  5 hobgoblins
  2 jackals (D:1)
  4 weasels
  A ball python (D:3)
  14 bats
  A frilled lizard (D:1)
  7 kobolds
  10 rats
61 creatures vanquished.

Vanquished Creatures (others)
  A frilled lizard (D:2)
1 creature vanquished.

Grand Total: 62 creatures vanquished

Notes
Turn   | Place    | Note
-------+----------+-------------------------------------------
     0 | D:1      | Caterwaul the High Elf Skald began the quest for the Orb.
     0 | D:1      | Reached XP level 1. HP: 14/14 MP: 4/4
   176 | D:1      | Reached skill level 3 in Long Blades
   375 | D:1      | Reached XP level 2. HP: 17/19 MP: 0/6
   460 | D:1      | Learned a level 2 spell: Shroud of Golubria
   780 | D:1      | Reached skill level 4 in Long Blades
   789 | D:1      | Learned a level 2 spell: Song of Slaying
  1065 | D:2      | Noticed Terence
  1103 | D:2      | Killed Terence
  1103 | D:2      | Reached XP level 3. HP: 7/24 MP: 0/7
  1501 | D:2      | Reached skill level 5 in Long Blades
  1685 | D:2      | Noticed Caterwaul's ghost (amateur HESk)
  1696 | D:2      | Reached XP level 4. HP: 29/29 MP: 1/8
  1699 | D:2      | Witnessed revenge of Caterwaul's ghost on an adder.
  2060 | D:2      | Found a basalt altar of Yredelemnul.
  2062 | D:2      | Noticed a profane servitor
  2068 | D:2      | Found a glowing golden altar of the Shining One.
  2070 | D:2      | Noticed an angel
  2078 | D:2      | Became a worshipper of the Shining One
  2833 | D:3      | Reached skill level 6 in Long Blades
  2863 | D:3      | Found a faded altar of an unknown god.
  2880 | D:3      | Noticed Sigmund
  2904 | D:3      | HP: 1/29 [something/magic dart (7)]
  2905 | D:3      | Killed from afar by Sigmund

Vault maps used:
D:1:      dpeg_arrival_stone_temple_mockup
D:2:      kennysheep_big_flooded_room, grunt_temple_overflow_holy_war,
          nicolae_overflow_hidden_temple, moated_statue, hangedman_glass_teeth,
          uniq_terence
D:3:      first_bread, chequers_ecumenical_altar_simple,
          makhleb_altar_promises_db, uniq_sigmund

Skill      XL: |  1  2  3  4 |
---------------+-------------+-----
Long Blades    | 3 4 5 6 |  6.2
Fighting       | |  2.0
Armour         | |  0.8
Dodging        | |  2.1
Spellcasting   | |  2.4
Charms         | |  3.6

Action                   |  1- 3 |  4- 6 || total
-------------------------+-------+-------++-------
Melee: Falchion          |    72 |     3 ||    75
       Rapier            |       |    59 ||    59
Throw: Dart              |       |     3 ||     3
 Cast: * Infusion        |    29 |    25 ||    54
       * Shroud of Golub |     9 |     5 ||    14
 Stab: Sleeping          |     1 |     1 ||     2
  Eat: Chunk             |     2 |     4 ||     6
Armor: Leather armour    |    15 |    19 ||    34
Dodge: Dodged            |    58 |    41 ||    99
       Rpst.: Falchion   |    17 |     1 ||    18
       Rapier            |       |     9 ||     9
* Casting counts for permanent charms are approximate representations of how often the player would have had to cast a non-permanent spell for the same benefits.

Table legend:
 A = Spawn XP
 B = Non-spawn XP
 C = Spawn XP percentage of total XP
 D = Spawn monster count
 E = Non-spawn monster count
 F = Spawn count percentage of total count
 G = Total turns spent on level
                    A         B        C        D         E        F      G
               +---------+---------+-------+---------+---------+-------+---------
         Total |      18 |     164 |   9.9 |      12 |      49 |  19.7 |  2905
               +---------+---------+-------+---------+---------+-------+---------
           D:1 |       6 |      28 |  17.6 |       3 |      18 |  14.3 |   913
           D:2 |      12 |      94 |  11.3 |       9 |      16 |  36.0 |  1762
           D:3 |       0 |      42 |   0.0 |       0 |      15 |   0.0 |   230
               +---------+---------+-------+---------+---------+-------+---------
